 Dungeon Crawl Stone Soup version 0.28-a0-1234-g826d19b2e0 (webtiles) character file.

Game seed: 4158564206768310055

51 bearlyready the Shooter (level 3, -6/21 HPs)
             Began as a Deep Elf Hunter on Dec 23, 2021.
             Mangled by a worm (10 damage)
             ... on level 1 of the Dungeon.
             The game lasted 00:02:04 (1931 turns).

bearlyready the Shooter (Deep Elf Hunter)           Turns: 1931, Time: 00:02:05

Health: -6/21      AC:  3    Str:  9    XL:     3   Next: 58%
Magic:  5/5        EV: 12    Int: 15    God:
Gold:   76         SH:  0    Dex: 17    Spells: 2/2 levels left

rFire   . . .      SeeInvis .   b - +0 short sword
rCold   . . .      Faith    .   (no shield)
rNeg    . . .      Spirit   .   c - +0 leather armour
rPois   .          Reflect  .   (no helmet)
rElec   .          Harm     .   (no cloak)
rCorr   .          Rampage  .   (no gloves)
Will    .....                   (no boots)
Stlth   ++........              (no amulet)
HPRegen 0.07/turn               (no ring)
MPRegen 0.09/turn               (no ring)

@: no status effects
A: no striking features
a: no special abilities


You were on level 1 of the Dungeon.
You visited 1 branch of the dungeon, and saw 2 of its levels.

You collected 76 gold pieces.

Inventory:

Hand Weapons
 a - a +1 shortbow
 b - a +0 short sword (weapon)
Armour
 c - a +0 leather armour (worn)
Scrolls
 e - a scroll of summoning {unknown}
 f - a scroll of blinking {unknown}
 i - a scroll of enchant armour {unknown}
Potions
 g - a potion of brilliance {unknown}
 h - 2 potions of curing {unknown}


   Skills:
 + Level 1.8 Fighting
 + Level 6.2 Bows
 - Level 2.4 Dodging
 + Level 3.2 Stealth


You had 2 spell levels left.
You didn't know any spells.
Your spell library was empty.

Dungeon Overview and Level Annotations

Branches:
Dungeon (2/15)

Altars:


Message History

Press: ? - help, Q - select action Shift-Dir - straight line, f/p - worm
Aim: a worm (heavily wounded, 81% to hit)
You shoot an arrow. The arrow barely misses the worm.
Fire: 2 arrows
Press: ? - help, Q - select action Shift-Dir - straight line, f/p - worm
Aim: a worm (moderately wounded, 81% to hit)
You shoot an arrow. The arrow hits the worm.
The worm is heavily wounded.
Fire: arrow
Press: ? - help, Q - select action Shift-Dir - straight line, f/p - worm
Aim: a worm (heavily wounded, 81% to hit)
You shoot an arrow. The arrow completely misses the worm.
b - a +0 short sword (weapon)
The worm misses you.
You hit the worm but do no damage.
The worm is moderately wounded.
You hit the worm.
The worm is moderately wounded.
The worm closely misses you.
You hit the worm.
The worm is heavily wounded.
The worm bites you.
* * * LOW HITPOINT WARNING * * *
You hit the worm.
The worm is heavily wounded.
You hit the worm.
The worm is heavily wounded.
The worm closely misses you.
You hit the worm but do no damage.
The worm is heavily wounded.
The worm bites you but does no damage.
You hit the worm.
The worm is severely wounded.
You hit the worm.
The worm is almost dead.
The worm closely misses you.
You hit the worm.
The worm is almost dead.
The worm bites you!
You die...

#....#
############(#####
#(...(....(..##...
#.######.######...
#..........# #...
#..........# #...
#(.###'###.####...
#w.#8...8#....'...
#@.#.###.#.####...
#..#.#4#.#...)....
#..#.###†#........
#..#8...8#........
##.###_###........
#...###...####...
#.............###
#######.#####....
#.#####....


You could see a worm.

Vanquished Creatures
  An adder (D:2)
  A worm (D:2)
  2 dart slugs (D:1)
  6 ball pythons
  3 endoplasms
  A giant cockroach (D:2)
  3 goblins (D:1)
  2 hobgoblins (D:1)
  A quokka (D:2)
  6 bats (D:1)
  3 frilled lizards
  3 kobolds
  3 rats (D:1)
35 creatures vanquished.

Vanquished Creatures (others)
  2 demonic plants (D:1)
2 creatures vanquished.

Grand Total: 37 creatures vanquished

Notes
Turn   | Place    | Note
-------+----------+-------------------------------------------
     0 | D:1      | bearlyready the Deep Elf Hunter began the quest for the
                  | Orb.
     0 | D:1      | Reached XP level 1. HP: 12/12 MP: 3/3
   242 | D:1      | Reached XP level 2. HP: 15/16 MP: 4/4
   550 | D:1      | Found a faded altar of an unknown god.
   550 | D:1      | Noticed a rust devil
   840 | D:1      | Reached skill level 6 in Bows
   921 | D:1      | Reached XP level 3. HP: 10/20 MP: 5/5
  1931 | D:1      | Mangled by a worm

Illustrated notes

Levels and vault maps discovered:
D:1:      elethiomel_arrival_shortcut, layout_basic,
          dreamdust_ecumenical_altar_sealed_demon, patterned_corridor
D:2:      layout_basic, serial_bayou_pond_e,
          nicolae_concentric_dashed_squares_mild, wad_floor_pattern_untrapped

Skill      XL: |  1  2  3 |
---------------+----------+-----
Stealth        | 2 3 |  3.2
Bows           | 6 |  6.2
Fighting       | |  1.8
Dodging        | |  2.4

Action                   || total
-------------------------++-------
Melee: Short sword       ||   118
 Fire: Shortbow          ||    55
 Stab: Sleeping          ||     6
Armor: Leather armour    ||    25
Dodge: Dodged            ||   109

Table legend: (Time is in decaauts)
 A = Elapsed time spent in this place.
 B = Non-inter-level travel time spent in this place.
 C = Inter-level travel time spent in this place.
 D = Time resting spent in this place.
 E = Time spent auto-exploring this place.
 F = Levels seen in this place.
 G = Mean time per level.
                   A        B        C        D        E       F      G
               +--------+--------+--------+--------+--------+-----+--------+
         Total |   1936 |   1875 |     61 |     86 |   1379 |   2 |  968.0 |
       Dungeon |   1936 |   1875 |     61 |     86 |   1379 |   2 |  968.0 |
               +--------+--------+--------+--------+--------+-----+--------+

Top non-repeatable levels by time:
     D:1: 1644 daAuts
     D:2: 292 daAuts
